 Dungeon Crawl Stone Soup version 0.20-a0-208-g55166f7 (webtiles) character file.

41348 patrickswayze the Covert (level 13, -2/68 HPs)
             Began as a Deep Elf Chaos Knight on Nov 25, 2016.
             Slain by a komodo dragon (13 damage)
             ... on level 6 of the Lair of Beasts on Nov 26, 2016.
             The game lasted 01:10:19 (22778 turns).

patrickswayze the Covert (Deep Elf Chaos Knight)   Turns: 22778, Time: 01:10:20

Health: -2/68      AC: 20    Str: 11    XL:     13   Next: 79%
Magic:  14/18      EV:  2    Int: 22    God:    Xom [.*....]
Gold:   464        SH:  0    Dex: 25    Spells: 0/12 levels left

rFire  + + .     SeeInvis .     a - +7 dagger (distort) {!w}
rCold  . . .     Gourm    .     q - +4 ring mail
rNeg   + + +     Faith    .     (no shield)
rPois  ∞         Spirit   .     t - +2 hat
rElec  +         Reflect  +     o - +0 cloak
rCorr  .         Harm     .     i - +0 pair of gloves
MR     +....                    (no boots)
Stlth  ++++++....               z - +2 amulet of reflection
                                y - +5 ring of dexterity
                                s - +3 ring of protection

@: brilliant, petrified, flying
A: antennae 1, slimy green scales 2, thin skeletal structure 1, blink, dopey 1,
fire resistance 2, mutation resistance 1, sense surroundings 1, electricity
resistance, strong 1
a: Blink, Renounce Religion


You were on level 6 of the Lair of Beasts.
You worshipped Xom.
You were a plaything of Xom.
You were very hungry.

You visited 3 branches of the dungeon, and saw 19 of its levels.

You collected 1483 gold pieces.
You spent 1019 gold pieces at shops.


Innate Abilities, Weirdness & Mutations

You have a pair of small antennae on your head.
You are mostly covered in slimy green scales. (AC +3)
You have a somewhat thin skeletal structure. (Dex +2, Stealth)
You can translocate small distances at will.
You are dopey. (Int -2)
Your flesh is very heat resistant. (rF++)
You are somewhat resistant to further mutation.
You passively map a small area around you.
You are resistant to electric shocks. (rElec)
Your muscles are strong. (Str +2)


   Skills:
 - Level 2.4 Fighting
 - Level 12.2 Short Blades
 - Level 6.0 Armour
 - Level 8.1 Dodging
 - Level 13.8 Stealth
 - Level 13.6 Hexes
 + Level 10.5 Ice Magic
 - Level 5.1 Evocations


You couldn't memorise any spells.
You knew the following spells:

 Your Spells              Type           Power        Failure   Level  Hunger
a - Confuse               Hex            ######..     1%          3    ####...
e - Ensorcelled Hibernat  Hex/Ice        ######       1%          2    ###....
r - Repel Missiles        Chrm/Air       ##....       8%          2    ###....
Z - Metabolic Englaciati  Hex/Ice        ######....   1%          5    ######.

Inventory:

Hand Weapons
 a - a +7 dagger of distortion (weapon) {!w}
Missiles
 u - 574 stones (quivered)
 H - 2 throwing nets
Armour
 i - a +0 pair of gloves (worn)
 o - a +0 cloak (worn)
 q - a +4 ring mail (worn)
 t - a +2 hat (worn)
Magical Staves
 X - an uncursed staff of power {unknown}
Jewellery
 m - an uncursed ring of protection from magic
 p - an uncursed amulet of rage
 s - a +3 ring of protection (left hand)
 y - a +5 ring of dexterity (right hand)
 z - a +2 amulet of reflection (around neck)
 D - an uncursed ring of see invisible
 P - an uncursed ring of poison resistance
Wands
 f - a wand of disintegration (2/24)
 g - a wand of random effects (19/48)
 E - a wand of heal wounds (5/9)
 F - a wand of teleportation (0/9)
 J - a wand of teleportation (2/9)
 O - a wand of flame (20/48)
 R - a wand of iceblast (6/15)
 T - a wand of teleportation (2/9)
Scrolls
 e - 6 scrolls of amnesia
 h - 5 scrolls of magic mapping
 k - 3 scrolls of immolation
 w - 8 scrolls of remove curse
 L - 2 scrolls of identify
 U - 2 scrolls of fog
 V - a scroll of teleportation
 W - a scroll of recharging
Potions
 j - a potion of mutation {!q}
 x - a potion of invisibility
 A - a potion of might
 C - 2 potions of flight
 Q - 3 potions of curing
 S - a potion of resistance
Books
 v - the Papyrus of Evil and the Mountains
   (You found it on level 3 of the Lair of Beasts)

   Spells                             Type                      Level
   a - Animate Skeleton               Necromancy                   1
   b - Bolt of Draining               Conjuration/Necromancy       5
   c - Dispel Undead                  Necromancy                   5
   d - Shatter                        Earth                        9
 B - a book of Misfortune

   Spells                             Type                      Level
   a - Confusing Touch                Hexes                        1
   b - Confuse                        Hexes                        3
   c - Gell's Gravitas                Hexes/Translocation          3
   d - Petrify                        Transmutation/Earth          4
   e - Metabolic Englaciation         Hexes/Ice                    5
   f - Yara's Violent Unravelling     Hexes/Transmutation          5
 G - a book of Air

   Spells                             Type                      Level
   a - Shock                          Conjuration/Air              1
   b - Swiftness                      Charms/Air                   2
   c - Repel Missiles                 Charms/Air                   2
   d - Static Discharge               Conjuration/Air              3
   e - Lightning Bolt                 Conjuration/Air              5
 I - a book of Dreams

   Spells                             Type                      Level
   a - Ensorcelled Hibernation        Hexes/Ice                    2
   b - Silence                        Hexes/Air                    5
   c - Darkness                       Hexes                        6
   d - Shadow Creatures               Summoning                    6
Miscellaneous
 r - a fan of gales
 M - a lamp of fire
 Y - a disc of storms
Comestibles
 b - 2 beef jerkies
 c - 18 bread rations
 d - 6 meat rations
 n - 19 fruits


Message History

The black mamba bites you.
The komodo dragon closely misses your butterfly.
The basilisk bites you!
* * * LOW HITPOINT WARNING * * *
The black mamba bites you but does no damage.
The black mamba bites you.
* * * LOW HITPOINT WARNING * * *
The basilisk gazes at you.
You easily resist.
The black mamba bites you. The black mamba bites you.
* * * LOW HITPOINT WARNING * * *
The basilisk bites you.
* * * LOW HITPOINT WARNING * * *
Your butterfly disappears in a puff of smoke!
The black mamba bites you but does no damage. x2
The black mamba bites you.
The black mamba bites you but does no damage.
The black mamba barely misses you. The komodo dragon bites you!!
You die...
Xom giggles madly!

##......###..####.#8#~
######~##.
##.....###....#8##.##~¤¤¤###
#. .......# #.......¤.8#
#¤¤S~~ *#. ......##
#.........####~¤~# ##
....###*#.......¤...##~~~#**
**# P..##
#~...b..b.....S~~~# * ..##*
#~.......l..#.¤¤¤#### ~# #.#
#~~....##lS.##~.¤.#..## ~~
#.# ~
#~~...#b~~@#~~~~~.....###¤~
..#**
¤¤¤...~¤..~~~~~~##......¤#¤
..#
S~....~.######~¤#........¤~
..# ..~~##...$##¤~¤.........
#.##* .~~~
....$$#~~~........# #..# ,
.., .....$#~~~.......8# ...#
~ ., , ..D..$#~¤~......###
...# , #....)$#¤¤#......8#
...### #...!##¤¤##.....##~


You could see a fire dragon (sleeping), a komodo dragon, a black mamba and a
basilisk.

Vanquished Creatures
  A dire elephant (Lair:5)
  The ghost of 100P the Basher, a journeyman DsGl of Qazlal (Lair:2)
  Josephine (D:10)
  5 hydras
  The ghost of psellion the Blocker, a novice FoFi of Okawaru (D:8)
  A fire crab (Lair:6)
  2 hill giants
  An orc knight (Orc:1)
  2 orc sorcerers (Orc:1)
  A salamander (Lair:5)
  5 black mambas
  4 molten gargoyles
  Psyche (D:8)
  2 rime drakes
  6 spiny frogs
  5 komodo dragons
  A queen bee (Lair:1)
  2 polar bears
  A troll (D:11)
  4 two-headed ogres
  2 blink frogs
  9 hippogriffs
  20 yaks
  5 wyverns (Lair:6)
  Eustachio (D:6)
  4 wraiths (D:10)
  10 spriggans (Lair:3)
  5 basilisks
  A fire bat (shapeshifter) (D:5)
  Grum (D:9)
  A steam dragon (Lair:6)
  5 vampire mosquitoes (Lair:3)
  3 hungry ghosts
  6 water moccasins
  3 hell hounds
  6 porcupines
  A sky beast (D:9)
  8 orc warriors
  5 ogres
  2 phantoms
  3 black bears
  3 ice beasts
  3 slaves (D:5)
  A necrophage (D:6)
  A wolf (shapeshifter) (D:4)
  7 centaurs
  9 wolves
  13 crocodiles
  3 big kobolds
  11 bullfrogs
  8 scorpions
  48 killer bees
  5 wights (D:8)
  3 howler monkeys
  5 electric eels
  6 crimson imps
  2 bullfrog zombies
  A centaur zombie (D:11)
  7 orc priests
  5 hounds
  3 jellies
  A bullfrog skeleton (D:11)
  6 orc wizards
  Jessica (D:2)
  4 iguanas
  A hell rat (Lair:5)
  8 worker ants
  A hound zombie (D:8)
  13 gnolls
  A howler monkey skeleton (D:5)
  12 adders
  2 shadow imps
  3 oozes
  3 adder skeletons
  7 worms
  A dart slug (D:5)
  6 leopard geckos
  36 orcs
  A giant cockroach (D:1)
  12 goblins
  7 hobgoblins
  A jackal (shapeshifter) (D:6)
  14 jackals
  12 kobolds
  A quokka (shapeshifter) (D:1)
  5 quokkas
  3 ball pythons
  4 bats
  3 frilled lizards
  A jackal skeleton (D:6)
  3 quokka skeletons
  A quokka zombie (D:8)
  8 rats
474 creatures vanquished.

Vanquished Creatures (collateral kills)
  A wyvern (D:10)
  A porcupine (Lair:1)
  2 ogres
  A crocodile (Lair:3)
  3 killer bees (Lair:3)
  An electric eel (D:7)
  A jelly (D:10)
  A gnoll (D:5)
  A worm (D:3)
  4 orcs
  2 jackals
  A kobold (D:3)
  A bat (D:3)
  A frilled lizard (D:5)
21 creatures vanquished.

Vanquished Creatures (others)
  An elephant (Lair:3)
  A guardian serpent (D:10)
  A rime drake (Lair:1)
  A blink frog (Lair:1)
  6 yaks
  A spriggan (Lair:3)
  A wraith (D:10)
  2 vampire mosquitoes (Lair:3)
  A porcupine (D:9)
  A water moccasin (Lair:4)
  A phantom (D:9)
  2 wolves (Lair:4)
  A crocodile (D:11)
  A bullfrog (D:9)
  A scorpion (D:11)
  5 killer bees
  2 crimson imps
  A centaur skeleton (D:9)
  An iguana (D:11)
  2 worker ants
  2 orcs
  2 kobolds (D:9)
  A bush (Lair:6)
  14 fungi
  7 plants
59 creatures vanquished.

Grand Total: 554 creatures vanquished

Notes
Turn   | Place    | Note
-------+----------+-------------------------------------------
     0 | D:1      | patrickswayze the Deep Elf Chaos Knight began the quest for the Orb.
     0 | D:1      | Reached XP level 1. HP: 13/13 MP: 3/3
    21 | D:1      | Reached skill level 1 in Stealth
   294 | D:1      | XOM: harmless Fire miscast
   369 | D:1      | Reached XP level 2. HP: 18/18 MP: 4/4
   647 | D:2      | XOM: give mutations
   647 | D:2      | Gained mutation: You are partially covered in slimy green scales. (AC +2) [Xom's grace]
   647 | D:2      | Gained mutation: Your flesh is heat resistant. (rF+) [Xom's grace]
   654 | D:2      | Noticed Jessica
   664 | D:2      | HP: 1/18 [Jessica/nerve-wracking pain (10)]
   664 | D:2      | XOM: butterfly on damage
   665 | D:2      | Killed Jessica
   665 | D:2      | Reached skill level 3 in Stealth
   665 | D:2      | Reached XP level 3. HP: 3/22 MP: 5/5
  1083 | D:2      | XOM: smoke on damage
  1451 | D:2      | XOM: polymorph giant cockroach -> ooze
  1683 | D:2      | Reached XP level 4. HP: 27/27 MP: 6/6
  1923 | D:3      | Found an opulent altar of Gozag.
  2061 | D:3      | XOM: harmless Chrm miscast
  2157 | D:3      | Noticed a big kobold
  2169 | D:3      | XOM: confuse monster(s)
  2190 | D:3      | XOM: summons friendly ufetubus
  2193 | D:3      | Killed a big kobold
  2193 | D:3      | Reached skill level 6 in Stealth
  2193 | D:3      | Reached XP level 5. HP: 31/31 MP: 7/7
  2638 | D:4      | XOM: fake destruction
  2729 | D:4      | XOM: 7-stop teleportation journey
  3115 | D:4      | XOM: divination: magic mapping
  3174 | D:4      | XOM: repel stairs
  3177 | D:4      | Reached XP level 6. HP: 36/36 MP: 8/8
  3212 | D:4      | XOM: scenery: 1 doors close
  3809 | D:5      | Entered Level 5 of the Dungeon
  3825 | D:5      | Noticed a two-headed ogre
  3854 | D:5      | XOM: confuse monster(s)
  3859 | D:5      | Killed a two-headed ogre
  3859 | D:5      | Reached XP level 7. HP: 25/40 MP: 9/9
  4108 | D:5      | XOM: cloud trail
  4183 | D:5      | Noticed a wyvern
  4183 | D:5      | a bullfrog changed into a wyvern
  4187 | D:5      | a wyvern changed into a crocodile
  4193 | D:5      | XOM: fog
  4198 | D:5      | Noticed a fire bat
  4198 | D:5      | a crocodile changed into a fire bat
  4210 | D:5      | XOM: cleaving
  4217 | D:5      | Killed a fire bat
  4217 | D:5      | Reached skill level 6 in Short Blades
  4256 | D:5      | XOM: summons 3 friendly demons
  4287 | D:5      | XOM: enchant monster (good)
  4503 | D:5      | Noticed Pikel
  4504 | D:5      | Noticed Prince Ribbit
  4686 | D:5      | XOM: potion effect (curing)
  4858 | D:5      | XOM: confuse monster(s)
  4892 | D:5      | XOM: enchant monster (good)
  5031 | D:5      | XOM: cloud trail
  5063 | D:5      | XOM: confuse monster(s)
  5071 | D:5      | XOM: summons friendly ufetubus
  5083 | D:5      | Reached XP level 8. HP: 31/45 MP: 10/10
  5104 | D:5      | XOM: enchant monster (good)
  5112 | D:4      | XOM: scenery: 1 doors close
  5365 | D:4      | XOM: summons friendly crimson imp
  5367 | D:4      | Noticed Prince Ribbit
  5367 | D:4      | Prince Ribbit changed into Prince Ribbit the soldier ant
  5367 | D:4      | XOM: polymorph Prince Ribbit -> Prince Ribbit the soldier ant
  5370 | D:4      | Noticed Prince Ribbit
  5370 | D:4      | Prince Ribbit the soldier ant changed into Prince Ribbit the big kobold
  5375 | D:4      | Noticed Prince Ribbit
  5375 | D:4      | Prince Ribbit the big kobold changed into Prince Ribbit the wolf
  5377 | D:4      | XOM: smoke on damage
  5378 | D:4      | Killed Prince Ribbit the wolf
  5616 | D:5      | XOM: give mutation
  5616 | D:5      | Gained mutation: You are dopey. (Int -2) [Xom's mischief]
  5762 | D:5      | XOM: enchant monster (good)
  5767 | D:5      | XOM: scenery: create altars
  5775 | D:5      | XOM: scenery: create altars
  5786 | D:5      | XOM: destruction
  5829 | D:5      | XOM: summons 8 friendly demons
  5975 | D:5      | XOM: potion effect (haste)
  6000 | D:5      | XOM: cast spell 'Spider Form'
  6113 | D:6      | XOM: give mutations
  6113 | D:6      | Gained mutation: You have a pair of small antennae on your head. [Xom's grace]
  6113 | D:6      | Gained mutation: You are resistant to hostile enchantments. (MR+) [Xom's grace]
  6113 | D:6      | Gained mutation: You are mostly covered in slimy green scales. (AC +3) [Xom's grace]
  6113 | D:6      | Gained mutation: Your muscles are strong. (Str +2) [Xom's grace]
  6191 | D:6      | Reached skill level 1 in Evocations
  6198 | D:6      | XOM: draining
  6225 | D:6      | XOM: 1-stop teleportation journey
  6320 | D:6      | Found Yfady's Distillery.
  6325 | D:6      | Found a bloodstained altar of Trog.
  6331 | D:6      | Reached skill level 3 in Evocations
  6344 | D:6      | Bought a potion of curing for 39 gold pieces
  6344 | D:6      | Bought 2 potions of curing for 78 gold pieces
  6344 | D:6      | Bought a potion of berserk rage for 65 gold pieces
  6344 | D:6      | Bought a potion of curing for 39 gold pieces
  6486 | D:6      | Noticed Eustachio
  6489 | D:6      | Killed Eustachio
  6688 | D:6      | XOM: 5-stop teleportation journey
  6775 | D:6      | Found a glowing golden altar of the Shining One.
  6833 | D:7      | Found Viushovu's Gadget Shoppe.
  6834 | D:7      | Noticed Joseph
  6837 | D:7      | XOM: cast spell 'Confusing Touch'
  6842 | D:6      | XOM: cleaving
  6920 | D:7      | Found Uzxekoff's Weapon Shoppe.
  6937 | D:7      | XOM: god gift: bread ration
  6944 | D:7      | Noticed a hill giant
  6973 | D:7      | Found Feigu's Magic Scroll Emporium.
  7060 | D:6      | XOM: medium Tmut miscast
  7131 | D:7      | Found a blossoming altar of Fedhas.
  7252 | D:7      | Bought a scroll of identify for 24 gold pieces
  7252 | D:7      | Bought a scroll of identify for 24 gold pieces
  7267 | D:7      | XOM: summons 8 friendly demons
  7311 | D:7      | Reached skill level 9 in Short Blades
  7324 | D:7      | XOM: summons friendly ufetubus
  7329 | D:7      | Noticed Joseph
  7329 | D:7      | Joseph changed into Joseph the blink frog
  7329 | D:7      | XOM: potion effect (agility)
  7336 | D:7      | Killed Joseph the blink frog
  7336 | D:7      | Reached XP level 9. HP: 49/49 MP: 14/14
  7603 | D:7      | XOM: 1-stop teleportation journey
  7729 | D:7      | Found Kyosifulau's Book Boutique.
  7774 | D:7      | XOM: mild Tmut miscast
  8025 | D:7      | Found Cocs's General Store.
  8026 | D:7      | Found a staircase to the Ecumenical Temple.
  8063 | D:7      | XOM: enchant monster (good)
  8064 | D:7      | XOM: potion effect (invisibility)
  8142 | D:7      | XOM: confuse monster(s)
  8316 | D:8      | Noticed psellion's ghost (novice FoFi)
  8350 | D:8      | Killed psellion's ghost
  8554 | D:8      | XOM: harmless Tmut miscast
  8735 | D:7      | XOM: divination: magic mapping
  8743 | D:7      | Killed a hill giant
  8743 | D:7      | Reached skill level 12 in Short Blades
  8743 | D:7      | Reached XP level 10. HP: 54/54 MP: 15/15
  8880 | D:7      | XOM: god gift: war axe {god gift}
  8914 | D:7      | XOM: mild Fire miscast
  8930 | D:8      | Reached skill level 3 in Dodging
  9156 | D:8      | XOM: harmless Ice miscast
  9256 | D:8      | XOM: 2-stop teleportation journey
  9270 | D:8      | XOM: summons 4 friendly demons
  9275 | D:8      | Noticed Psyche
  9397 | D:8      | XOM: severe Hex miscast
  9425 | D:8      | Reached skill level 6 in Dodging
  9430 | D:8      | Killed Psyche
  9494 | D:8      | XOM: confusion
  9510 | D:8      | XOM: confuse monster(s)
  9629 | D:8      | XOM: polymorph two-headed ogre -> rime drake
  9650 | D:8      | Reached skill level 1 in Armour
  9691 | D:8      | XOM: enchant monster (bad)
  9778 | D:8      | XOM: summons 5 hostile demons
  9779 | D:8      | Noticed a smoke demon
  9958 | D:9      | Noticed Grum
  9965 | D:9      | XOM: summons 2 hostile demons
  9987 | D:9      | XOM: draining
 10001 | D:9      | Found a staircase to the Orcish Mines.
 10021 | D:9      | Reached skill level 3 in Armour
 10067 | D:9      | Killed Grum
 10090 | D:9      | Found a shadowy altar of Dithmenos.
 10092 | D:9      | XOM: scenery: create altars
 10253 | D:9      | XOM: harmless Erth miscast
 10308 | D:9      | XOM: noise
 10342 | D:9      | XOM: confuse monster(s)
 10347 | D:9      | XOM: polymorph howler monkey -> wolf
 10359 | D:9      | XOM: silly message
 10368 | D:9      | XOM: noise
 10554 | D:9      | Found a staircase to the Lair.
 10586 | D:9      | Reached XP level 11. HP: 39/58 MP: 16/16
 10809 | D:10     | Entered Level 10 of the Dungeon
 10896 | D:10     | XOM: medium Fire miscast
 10926 | D:10     | XOM: god gift: club {god gift}
 11338 | D:10     | Noticed Josephine
 11463 | D:10     | XOM: summons 5 hostile demons
 11501 | D:10     | XOM: scenery: create altars
 11508 | D:10     | XOM: divine lightning (protected)
 11517 | D:10     | XOM: enchant monster (good)
 11548 | D:10     | XOM: divination: detect creatures
 11745 | D:10     | XOM: noise
 11756 | D:10     | XOM: divination: magic mapping
 11771 | D:10     | Reached skill level 6 in Armour
 11831 | D:10     | XOM: noise
 12005 | D:10     | XOM: polymorph yak -> guardian serpent
 12015 | D:10     | HP: 10/58 [poisoned by a guardian serpent (bolt of poison)]
 12021 | D:10     | XOM: enchant monster (good)
 12122 | D:10     | XOM: harmless Conj miscast
 12227 | D:10     | XOM: harmless Ice miscast
 12250 | D:10     | XOM: cast spell 'Metabolic Englaciation'
 12269 | D:10     | Reached skill level 9 in Stealth
 12271 | D:10     | XOM: confuse monster(s)
 12282 | D:10     | XOM: cast spell 'Call Canine Familiar'
 12351 | D:10     | XOM: polymorph wolf -> bullfrog
 12581 | D:10     | XOM: scenery: create altars
 12584 | D:10     | XOM: harmless Tmut miscast
 12595 | D:10     | Gained mutation: You can translocate small distances at will. [potion of beneficial mutation]
 12596 | D:10     | Gained mutation: You are resistant to electric shocks. (rElec) [potion of beneficial mutation]
 12899 | D:11     | XOM: summons 5 hostile demons
 12905 | D:11     | Noticed a hill giant
 12914 | D:11     | XOM: harmless Tmut miscast
 12916 | D:11     | XOM: enchant monster (good)
 12918 | D:11     | XOM: stat loss: -1 Dex (21/22)
 13094 | D:11     | Gained mutation: You are somewhat resistant to further mutation. [potion of beneficial mutation]
 13224 | D:11     | Noticed Nergalle
 13233 | D:11     | XOM: mild Hex miscast
 13241 | D:11     | Killed a hill giant
 13255 | D:11     | XOM: confuse monster(s)
 13300 | D:11     | XOM: scenery: create altars
 13431 | D:11     | Banished Nergalle
 13460 | D:11     | XOM: enchant monster (bad)
 13505 | D:11     | XOM: cast spell 'Statue Form'
 13556 | D:11     | Reached skill level 12 in Stealth
 13590 | D:11     | Found a shimmering altar of Xom.
 13604 | D:11     | XOM: blink monster(s)
 13755 | D:10     | XOM: harmless Necr miscast
 13766 | D:10     | XOM: mild Pois miscast
 13768 | D:10     | XOM: cast spell 'Ice Form'
 13770 | D:10     | HP: 1/69 [Josephine/ghostly fireball (28)]
 13779 | D:10     | XOM: enchant monster (good)
 13779 | D:10     | HP: 2/58 [Josephine/ghostly fireball (7)]
 13781 | D:10     | Killed Josephine
 13788 | D:10     | XOM: cast spell 'Shadow Creatures'
 13888 | D:10     | XOM: god gift: 2 needles of confusion
 13987 | D:10     | XOM: god gift: potion of curing
 14399 | D:11     | XOM: mild Fire miscast
 14605 | D:9      | XOM: noise
 14610 | Orc:1    | Entered Level 1 of the Orcish Mines
 14613 | Orc:1    | XOM: enchant monster (good)
 14626 | Orc:1    | XOM: confusion (+ monsters)
 14681 | Orc:1    | XOM: cast spell 'Summon Butterflies'
 14749 | Orc:1    | XOM: 1-stop teleportation journey
 14779 | Orc:1    | Noticed an orc knight
 14796 | Orc:1    | XOM: divine lightning (protected)
 14804 | Orc:1    | XOM: blink monster(s)
 14805 | Orc:1    | Killed an orc knight
 14807 | Orc:1    | Noticed an orc sorcerer
 15117 | Orc:1    | Killed an orc sorcerer
 15190 | Orc:1    | XOM: divination: detect items
 15204 | Orc:1    | XOM: enchant monster (bad)
 15321 | Orc:1    | Noticed an orc sorcerer
 15327 | Orc:1    | Found a roughly hewn altar of Beogh.
 15404 | Orc:1    | Killed an orc sorcerer
 15404 | Orc:1    | Reached XP level 12. HP: 64/64 MP: 17/17
 15447 | Orc:1    | XOM: mild Pois miscast
 15515 | D:7      | Bought a book of Dreams for 750 gold pieces
 15518 | D:7      | Learned a level 2 spell: Repel Missiles
 15522 | D:7      | Learned a level 3 spell: Confuse
 15528 | D:7      | Learned a level 5 spell: Metabolic Englaciation
 15568 | D:7      | XOM: divination: detect items
 15627 | Lair:1   | Entered Level 1 of the Lair of Beasts
 15627 | Lair:1   | Noticed Sonja
 15630 | Lair:1   | XOM: fog
 15640 | Lair:1   | XOM: scenery: create altars
 15646 | Lair:1   | Reached skill level 1 in Hexes
 15649 | Lair:1   | Noticed Sonja
 15649 | Lair:1   | Sonja changed into Sonja the queen bee
 15652 | Lair:1   | XOM: summons 2 friendly demons
 15654 | Lair:1   | Killed Sonja the queen bee
 15757 | Lair:1   | Reached skill level 3 in Hexes
 15841 | Lair:1   | XOM: god gift: fan of gales
 15962 | Lair:1   | XOM: destruction
 15985 | Lair:1   | XOM: divination: detect creatures
 16136 | Lair:1   | XOM: enchant monster (good)
 16139 | Lair:1   | XOM: fake destruction
 16145 | Lair:1   | XOM: summons friendly quasit
 16153 | Lair:1   | Reached skill level 6 in Hexes
 16363 | Lair:1   | XOM: draining
 16384 | Lair:1   | XOM: summons friendly rust devil
 16423 | Lair:1   | XOM: give mutation
 16423 | Lair:1   | Gained mutation: You have a somewhat thin skeletal structure. (Dex +2, Stealth) [Xom's grace]
 16561 | Lair:1   | XOM: give mutation
 16561 | Lair:1   | Gained mutation: You passively map a small area around you. [Xom's grace]
 16876 | Lair:2   | Noticed a five-headed hydra
 16961 | Lair:2   | XOM: god gift: 51 gold pieces
 17165 | Lair:2   | XOM: 1-stop teleportation journey
 17172 | Lair:2   | XOM: summons 6 hostile demons
 17237 | Lair:2   | Noticed 100P's ghost (journeyman DsGl)
 17240 | Lair:2   | XOM: harmless Necr miscast
 17278 | Lair:2   | XOM: confuse monster(s)
 17288 | Lair:2   | Killed 100P's ghost
 17493 | Lair:2   | XOM: harmless Divn miscast
 17512 | Lair:2   | XOM: give mutations
 17512 | Lair:2   | Lost mutation: You are resistant to hostile enchantments. (MR+) [Xom's mischief]
 17512 | Lair:2   | Gained mutation: You are resistant to hostile enchantments. (MR+) [Xom's mischief]
 17512 | Lair:2   | Lost mutation: You are resistant to hostile enchantments. (MR+) [Xom's mischief]
 17517 | Lair:2   | Reached skill level 9 in Hexes
 17589 | Lair:2   | XOM: cloud trail
 17656 | Lair:2   | XOM: confusion (+ monsters)
 17661 | Lair:2   | XOM: divination: magic mapping
 17664 | Lair:2   | XOM: enchant monster (good)
 17829 | Lair:3   | XOM: divination: detect creatures
 17947 | Lair:3   | XOM: destruction
 18204 | Lair:3   | XOM: give mutation
 18204 | Lair:3   | Gained mutation: Your flesh is very heat resistant. (rF++) [Xom's grace]
 18224 | Lair:3   | XOM: 4-stop teleportation journey
 18327 | Lair:3   | Found a hole to the Spider Nest.
 18432 | Lair:3   | Reached skill level 12 in Hexes
 18455 | Lair:3   | Found a staircase to the Swamp.
 18456 | Lair:3   | XOM: fake destruction
 18504 | Lair:3   | XOM: enchant monster (good)
 18788 | Lair:3   | XOM: cleaving
 18989 | Lair:3   | XOM: scenery: create altars
 19058 | Lair:3   | XOM: scenery: create altars
 19079 | Lair:3   | XOM: enchant monster (good)
 19131 | Lair:3   | Identified the Papyrus of Evil and the Mountains
 19146 | Lair:3   | Reached XP level 13. HP: 46/68 MP: 18/18
 19209 | Lair:4   | XOM: confuse monster(s)
 19342 | Lair:4   | XOM: silly message
 19360 | Lair:4   | XOM: divination: detect items
 19368 | Lair:4   | Got an ominously black robe
 19378 | Lair:4   | Identified the cursed +1 robe "Zuff" {Dex+2} (You found it on level 4 of the Lair of Beasts)
 19439 | Lair:4   | XOM: enchant monster (good)
 19806 | Lair:5   | XOM: god gift: scroll of amnesia
 19859 | Lair:5   | Found a viscous altar of Jiyva.
 19859 | Lair:5   | Found a staircase to the Slime Pits.
 19914 | Lair:5   | Reached skill level 1 in Ice Magic
 20044 | Lair:5   | XOM: confuse monster(s)
 20050 | Lair:5   | Reached skill level 3 in Ice Magic
 20247 | Lair:5   | XOM: summons 10 friendly demons
 20284 | Lair:5   | XOM: scenery: create altars
 20404 | Lair:5   | Noticed a dire elephant
 20404 | Lair:5   | a catoblepas changed into a dire elephant
 20404 | Lair:5   | XOM: polymorph catoblepas -> dire elephant
 20409 | Lair:5   | Killed a dire elephant
 20571 | Lair:5   | XOM: mild Tmut miscast
 20912 | Lair:6   | Entered Level 6 of the Lair of Beasts
 20976 | Lair:6   | Reached skill level 6 in Ice Magic
 21104 | Lair:6   | XOM: harmless Ice miscast
 21219 | Lair:6   | XOM: potion effect (haste)
 21225 | Lair:6   | XOM: harmless Tmut miscast
 21226 | Lair:6   | XOM: potion effect (agility)
 21299 | Lair:6   | Learned a level 2 spell: Ensorcelled Hibernation
 21325 | Lair:6   | XOM: 1-stop teleportation journey
 21685 | Lair:6   | XOM: medium Tloc miscast
 21745 | Lair:6   | XOM: fake destruction
 21765 | Lair:6   | XOM: noise
 21850 | Lair:6   | XOM: confuse monster(s)
 21910 | Lair:6   | XOM: scenery: create altars
 21915 | Lair:6   | XOM: confuse monster(s)
 22021 | Lair:6   | XOM: confuse monster(s)
 22022 | Lair:6   | XOM: enchant monster (good)
 22067 | Lair:6   | Reached skill level 9 in Ice Magic
 22133 | Lair:6   | XOM: scenery: create altars
 22326 | Lair:6   | XOM: summons friendly white imp
 22375 | Lair:6   | XOM: cleaving
 22614 | Lair:6   | XOM: snakes to sticks
 22758 | Lair:6   | XOM: potion effect (brilliance)
 22764 | Lair:6   | XOM: butterfly on damage
 22769 | Lair:6   | Noticed a fire dragon
 22775 | Lair:6   | HP: 13/68 [black mamba (2)]
 22778 | Lair:6   | Slain by a komodo dragon

Vault maps used:
D:1:      mushboom_english_gardens, grunt_decor_arrowhead,
          hangedman_decor_lopped
D:2:      first_bread, uniq_jessica
D:3:      nicolae_overflow_crystal_walls
D:5:      kennysheep_generic_room_15, uniq_prince_ribbit1, uniq_pikel
D:6:      lemuel_coloured_pillars_altar, bloody_trog, serial_curves,
          eino_curves_02, eino_curves_03, serial_shops, shop, uniq_eustachio
D:7:      kennysheep_mini, serial_shops, nicolae_shop_waterfront, shop,
          nicolae_shop_crystal, nicolae_shop_statue_plus, nicolae_shop_stone,
          serial_bayou, serial_bayou_shore_a, serial_bayou_lagoon_b,
          serial_bayou_pond_a, serial_bayou_lagoon_a, serial_bayou_pond_c,
          uniq_joseph
D:8:      grunt_ogre_cave, uniq_psyche
D:9:      nicolae_dithmenos_the_darkroom, grunt_lair_entry_orc_guard_hut,
          orc_0_dummy, uniq_grum
D:10:     kennysheep_generic_room_6, uniq_josephine
D:11:     lemuel_centaur_altar, uniq_nergalle
Lair:1:   uniq_sonja
Lair:3:   wad_woods_minihive, minmay_swamp_entry_swarm,
          nicolae_spider_entry_non_spiders, special_room, lemuel_fruit_fields
Lair:5:   slime_altar_1, kennysheep_catoblepas_arena
Lair:6:   cheibrodos_lair_end_hotspot, serial_bayou_shore_b
Orc:1:    nicolae_orc_accident_2

Action                   |  1- 3 |  4- 6 |  7- 9 | 10-12 | 13-15 || total
-------------------------+-------+-------+-------+-------+-------++-------
Melee: Short sword       |    85 |   204 |   484 |   105 |       ||   878
       Dagger            |       |       |       |  1094 |   241 ||  1335
       Unarmed           |       |       |       |     3 |       ||     3
Throw: Stone             |       |       |     6 |    18 |     1 ||    25
 Cast: Confuse           |       |       |       |    12 |    46 ||    58
       Ensorcelled Hiber |       |       |       |       |    34 ||    34
       Metabolic Englaci |       |       |       |       |     3 ||     3
 Abil: Evoke Berserk Rag |       |       |     5 |     2 |       ||     7
       Blink             |       |       |       |       |     1 ||     1
Evoke: Wand              |       |       |     6 |    15 |     2 ||    23
  Use: Scroll            |     2 |     5 |     9 |    23 |     6 ||    45
       Potion            |       |       |     5 |    16 |     2 ||    23
 Stab: Sleeping          |     8 |     5 |    10 |    15 |    26 ||    64
       Paralysed         |     1 |     1 |     3 |     1 |       ||     6
       Confused          |       |     3 |     2 |     5 |    16 ||    26
       Distracted        |       |     1 |     2 |    15 |     2 ||    20
       Petrifying        |       |       |     2 |       |       ||     2
       Petrified         |       |       |     1 |       |     2 ||     3
       Invisible         |       |       |     2 |       |       ||     2
       Betrayed ally     |       |       |       |     1 |       ||     1
  Eat: Chunk             |     2 |     6 |    18 |    28 |    18 ||    72
       Pizza             |       |       |     1 |     2 |       ||     3
       Fruit             |       |       |     1 |     3 |       ||     4
       Beef jerky        |       |       |       |     3 |     4 ||     7
       Royal jelly       |       |       |       |     1 |       ||     1
Armor: Leather armour    |    31 |    79 |    99 |       |       ||   209
       Ring mail         |       |       |    53 |   277 |    76 ||   406
       Skin              |       |       |       |     2 |       ||     2
Dodge: Dodged            |    49 |    94 |   227 |   619 |   130 ||  1119
Block: Other             |       |       |     3 |    38 |    10 ||    51
       Reflection        |       |       |     1 |     4 |       ||     5
